 Dungeon Crawl Stone Soup version 0.31-a0-889-g1a8549509d (webtiles) character file.

Game seed: 11633930795939742284

9046 LeprechaunX the Mimic (level 11, -8/82 HPs)
             Began as an Octopode Shapeshifter on Oct 14, 2023.
             Was an Elder of Hepliaklqana.
             Killed from afar by Lodul (25 damage)
             ... with a bolt of lightning
             ... on level 10 of the Dungeon on Oct 16, 2023.
             The game lasted 00:20:57 (10150 turns).

LeprechaunX the Mimic (Octopode Shapeshifter)      Turns: 10150, Time: 00:20:57

Health: -8/82      AC:  9    Str: 23    XL:     11   Next: 40%
Magic:  29/29      EV: 16    Int: 12    God:    Hepliaklqana [****..]
Gold:   551        SH:  0    Dex: 12    Spells: 10/10 levels left

rFire   . .          .
                       - Unarmed
rCold   . . .        B - melded +0 buckler
rNeg    . . .        (helmet currently unavailable)
rPois   +            (no amulet)
rElec   .            d - ring of poison resistance
rCorr   +            i - ring of magical power
SInv    .            v - ring of magical power
Will    .....        x - +5 ring of evasion
Stlth   +            e - ring of resist corrosion
HPRegen 0.33/turn    (no ring)
MPRegen 0.21/turn    (no ring)
                     (no ring)

%: no passive effects
@: snake-form, studying Unarmed Combat
A: constrict, boosted hp, reduced essence, almost no armour, amphibious, 8
rings, large, (camouflage 1), (gelatinous body 1), (nimble swimmer 1),
(tentacles)
a: Begin Untransformation, Renounce Religion, Recall Ancestor, Ancestor
Identity, Transference, Idealise


You were on level 10 of the Dungeon.
You worshipped Hepliaklqana.
Hepliaklqana was greatly pleased with you.
You were an enormous anaconda.
You visited 1 branch of the dungeon, and saw 10 of its levels.
You also visited: Ossuary.

You collected 575 gold pieces.
You spent 24 gold pieces at shops.

Inventory:

Hand Weapons
 a - a +0 sling
Missiles
 t - 12 boomerangs
Armour
 B - a +0 buckler (melded)
 K - a +0 kite shield
 N - a +2 hat
Jewellery
 d - a ring of poison resistance (left tentacle)
 e - a ring of resist corrosion (on tentacle)
 i - a ring of magical power (right tentacle)
 v - a ring of magical power (on tentacle)
 x - a +5 ring of evasion (on tentacle)
Talismans
 b - a beast talisman
 c - a flux talisman
 C - a serpent talisman (active)
Wands
 y - a wand of flame (28)
 z - a wand of charming (18)
 J - a wand of light (4) (quivered)
 M - a wand of polymorph (4)
Scrolls
 g - 4 scrolls of teleportation
 n - 2 scrolls of revelation
 p - a scroll of silence
 r - 2 scrolls of fear
 w - 2 scrolls of blinking
 D - a scroll of fog
 G - a scroll of enchant armour
 H - a scroll of torment
 I - a scroll of butterflies
 L - 2 scrolls of vulnerability
Potions
 f - 2 potions of attraction
 h - 2 potions of resistance {unknown}
 j - 4 potions of lignification
 k - 2 potions of enlightenment
 l - 3 potions of curing
 m - a potion of magic {unknown}
 o - 2 potions of mutation
 s - 3 potions of heal wounds
 u - a potion of brilliance {unknown}
 A - a potion of might {unknown}
 E - 2 potions of invisibility
 F - a potion of haste {unknown}


   Skills:
 + Level 8.0 Fighting
 - Level 5.0 Dodging
 - Level 4.0 Shields
 - Level 6.0 Unarmed Combat
 + Level 7.8 Evocations
 * Level 10.8 Shapeshifting


You had 10 spell levels left.
You didn't know any spells.
Your spell library contained the following spells:

 Spells                   Type           Power      Damage    Failure   Level
 Ensorcelled Hibernation  Hex/Ice        0%         N/A       45%         2
 Jinxbite                 Hex            0%         N/A       45%         2
 Frozen Ramparts          Ice            0%         1d1       69%         3
 Summon Guardian Golem    Hex/Summ       0%         N/A       69%         3
 Anguish                  Hex/Necr       0%         N/A       97%         4
 Animate Dead             Necr           0%         N/A       97%         4
 Petrify                  Tmut/Erth      0%         N/A       97%         4
 Borgnjor's Vile Clutch   Necr/Erth      0%         N/A       100%        5
 Metabolic Englaciation   Hex/Ice        0%         N/A       100%        5
 Death Channel            Necr           0%         N/A       100%        6
 Orb of Destruction       Conj           0%         9d5       100%        7
 Spellforged Servitor     Conj/Summ      0%         N/A       100%        7


Dungeon Overview and Level Annotations

Branches:
Dungeon (10/15)            Temple (0/1) D:4         Ossuary (visited)
   Lair: D:8-11         Orc: D:9-12

Altars:
Ashenzari
Dithmenos
Hepliaklqana
Makhleb
Qazlal
Ru
Sif Muna
Zin
The Shining One

Shops:
D:8 ?

Annotations:
D:10 Lodul


Innate Abilities, Weirdness & Mutations

You are an enormous anaconda.
You have a powerful constriction melee attack.
Your maximum health is increased.
Your armour is entirely melded.
You are incapable of wielding weapons or throwing items.
Your life essence is reduced to manifest your ancestor. (-10% HP)
You cannot wear most types of armour.
You are amphibious.
You can wear up to eight rings at the same time.
((Your skin changes colour to match your surroundings (Stealth+).))
((Your rubbery body absorbs attacks. (AC +1, EV +1)))
((You are camouflaged when in or above water. (Stealth+)))
((You have tentacles for arms and can constrict up to eight enemies at once.))


Message History

Press: ? - help, Q - select action, (/) - cycle Shift-Dir - straight line, f - kobold brigand
Aim: a kobold brigand, wielding a +1 short sword of protection and quivering poisoned darts (70% to hit)
The puff of flame misses the kobold brigand.
The puff of flame hits the kobold!
You kill the kobold!
The wolf howls!
Aiming: Bolt of Light
Press: ? - help, Q - select action, (/) - cycle Shift-Dir - straight line, f - kobold, p - kobold brigand
Aim: a kobold, wielding a +0 club (67% to hit)
Out of range.
Okay, then.
Aiming: Bolt of Light
Press: ? - help, Q - select action, (/) - cycle Shift-Dir - straight line, f - kobold, p - kobold brigand
Aim: a kobold, wielding a +0 short sword of venom and quivering stones (67% to hit)
The bolt of light hits the kobold brigand!
The kobold brigand is moderately wounded.
The kobold brigand is blinded.
The bolt of light hits the ogre!
The ogre is heavily wounded.
The ogre is blinded.
The bolt of light misses the kobold.
Aiming: Bolt of Light
Press: ? - help, Q - select action, (/) - cycle Shift-Dir - straight line, f - Lodul, p - kobold
Aim: Lodul, wielding a +0 dire flail (84% to hit)
The bolt of light hits the kobold brigand!!
You kill the kobold brigand!
The bolt of light hits the ogre!!
You kill the ogre!
The bolt of light hits the kobold!!
You kill the kobold!
The bolt of light misses Lodul.
You hear a howl!
A wolf comes into view.
You hear a shout!
Your Fighting skill increases to level 8!
Press: ? - help, v - describe, . - travel, g - get item
Here: Lodul, wielding a +0 dire flail
Items here: a +0 giant club; a +0 giant club.
The floor.
Electricity crackles from Lodul's apparatus.
The bolt of lightning hits you!!
You die...

# #.# #............# # #.#
#............# # #.#
#............# # #.#
#............# # #.#
#............# # #.#
#............#
#####.########...>........#
..........................#
#######.########S##########
#.# #.# #.# #.# #.# #)# #.#
#)# #.# #O# #.# #K# #.#
#######)##########


You could see Lodul and a kobold.

Vanquished Creatures
  Erolcha (D:9)
  A two-headed ogre (D:10)
  Maurice (D:8)
  A gargoyle (D:6)
  Grinder (D:6)
  3 steam dragons
  3 vampire mosquitoes (D:10)
  An acid dragon (D:6)
  2 water moccasins
  2 black bears
  2 orc warriors (D:8)
  A sky beast (D:6)
  An ice beast (D:8)
  5 ogres (D:10)
  A centaur (D:8)
  3 phantoms
  2 elf zombies (Ossuary)
  3 kobold brigands
  Blork the orc (D:6)
  2 gnoll sergeants
  A bullfrog (D:8)
  3 scorpions
  A wight (D:8)
  4 killer bees
  A howler monkey (D:10)
  3 centaur zombies (Ossuary)
  6 hounds
  A jelly (D:4)
  2 orc priests (D:6)
  A gnoll bouda (D:8)
  A sleepcap (D:4)
  4 human zombies (Ossuary)
  3 iguanas
  2 orc wizards
  2 mummies (Ossuary)
  9 gnolls
  7 adders
  A shadow imp (D:6)
  4 ufetubi
  2 worms
  19 orcs
  7 ball pythons
  5 bats
  8 endoplasms
  2 giant cockroaches
  5 goblins
  9 hobgoblins
  4 jackals (D:4)
  26 kobolds
  2 quokkas
  3 frilled lizards (D:1)
  2 goblin zombies (D:8)
  4 rats
191 creatures vanquished.

Vanquished Creatures (collateral kills)
  Erica (D:8)
  A cyclops (D:9)
  A yak (D:6)
  A vampire mosquito (D:10)
  A steam dragon (D:7)
  An orc warrior (D:9)
  4 sky beasts
  3 elf zombies (Ossuary)
  A kobold brigand (D:7)
  A scorpion (D:5)
  2 wights (D:8)
  5 killer bees
  2 orc priests (D:8)
  A gnoll bouda (D:6)
  An iguana (D:5)
  2 orc wizards
  A mummy (Ossuary)
  3 gnolls (D:9)
  6 orcs
  2 kobolds (D:7)
  A butterfly (D:4)
41 creatures vanquished.

Vanquished Creatures (others)
  4 hexers
4 creatures vanquished.

Grand Total: 236 creatures vanquished

Notes
Turn   | Place    | Note
-------+----------+-------------------------------------------
     0 | D:1      | LeprechaunX the Octopode Shapeshifter began the quest for
                  | the Orb.
     0 | D:1      | Reached XP level 1. HP: 13/13 MP: 1/1
   142 | D:1      | Reached XP level 2. HP: 18/18 MP: 2/2
   225 | D:1      | Upgraded the game from 0.31-a0-876-gfe8ebadbca to
                  | 0.31-a0-881-ge136f0c47a
   606 | D:1      | Reached XP level 3. HP: 19/23 MP: 3/3
  1054 | D:2      | Found a faded altar of an unknown god.
  1152 | D:2      | Reached XP level 4. HP: 6/29 MP: 4/4
  2798 | D:4      | Found a shimmering blue altar of Sif Muna.
  2799 | D:4      | Found a stormy altar of Qazlal.
  2801 | D:4      | Found a sacrificial altar of Ru.
  2801 | D:4      | Found a glowing silver altar of Zin.
  2803 | D:4      | Found a hazy altar of Hepliaklqana.
  2803 | D:4      | Found a broken altar of Ashenzari.
  2808 | D:4      | Found a shadowy altar of Dithmenos.
  2815 | D:4      | Became a worshipper of Hepliaklqana the Forgotten
  2823 | D:4      | Noticed a scorpion
  2849 | D:4      | Reached skill level 4 in Shapeshifting
  2865 | D:4      | Reached XP level 5. HP: 34/34 MP: 5/5
  2891 | D:4      | Found a staircase to the Ecumenical Temple.
  3118 | D:4      | Reached XP level 6. HP: 25/41 MP: 6/6
  3258 | D:4      | Upgraded the game from 0.31-a0-881-ge136f0c47a to
                  | 0.31-a0-889-g1a8549509d
  3440 | D:4      | Reached * piety under Hepliaklqana
  3811 | D:5      | Entered Level 5 of the Dungeon
  3812 | D:5      | Noticed a black bear
  3819 | D:5      | Killed a black bear
  3953 | D:5      | Reached skill level 5 in Shapeshifting
  3953 | D:5      | Reached XP level 7. HP: 39/41 MP: 7/7
  3962 | D:5      | Found a burning altar of Makhleb.
  4266 | D:5      | Reached skill level 1 in Evocations
  4989 | D:6      | Reached XP level 8. HP: 25/48 MP: 8/8
  5132 | D:6      | Reached ** piety under Hepliaklqana
  5133 | D:6      | Remembered your ancestor Cyneburga as a hexer
  5182 | D:6      | Reached skill level 6 in Shapeshifting
  5236 | D:6      | Reached skill level 5 in Unarmed Combat
  5327 | D:6      | Noticed a yak
  5337 | D:6      | Killed a yak
  5345 | D:6      | Noticed a gargoyle
  5741 | D:6      | Reached skill level 5 in Dodging
  5825 | D:6      | Noticed Blork the orc
  5830 | D:6      | Killed Blork the orc
  5861 | D:6      | Noticed Grinder
  5870 | D:6      | Killed Grinder
  5871 | D:6      | Reached skill level 1 in Shields
  5871 | D:6      | Reached skill level 7 in Shapeshifting
  5871 | D:6      | Reached XP level 9. HP: 46/54 MP: 9/9
  5886 | D:6      | Killed a gargoyle
  5887 | D:6      | Reached skill level 5 in Fighting
  6935 | D:7      | Reached skill level 8 in Shapeshifting
  7051 | D:7      | Reached *** piety under Hepliaklqana
  7369 | D:8      | Found Amietett's Magic Scroll Shop.
  7404 | D:8      | Bought a scroll of identify for 24 gold pieces
  7417 | D:8      | Found a sand-covered staircase.
  7438 | Ossuary  | Entered an ossuary
  7520 | Ossuary  | Reached skill level 5 in Evocations
  7531 | Ossuary  | Reached XP level 10. HP: 49/61 MP: 10/10
  7825 | D:8      | Noticed Maurice
  7840 | D:8      | Killed Maurice
  7841 | D:8      | Reached skill level 9 in Shapeshifting
  7949 | D:8      | Noticed Erica
  7955 | D:8      | Killed Erica
  8289 | D:8      | Identified the +7 short sword of Subjectivity {elec, Dex+7
                  | SInv}
  8761 | D:9      | Noticed Erolcha
  8847 | D:9      | Killed Erolcha
  8848 | D:9      | Reached skill level 10 in Shapeshifting
  8914 | D:9      | Noticed a cyclops
  8920 | D:9      | Killed a cyclops
  8921 | D:9      | Reached XP level 11. HP: 67/67 MP: 11/11
  9127 | D:9      | Found a glowing golden altar of the Shining One.
  9177 | D:9      | Reached **** piety under Hepliaklqana
  9579 | D:9      | Identified the +1 whip of Sulphur {pain, rN++ rCorr}
  9902 | D:10     | Entered Level 10 of the Dungeon
 10022 | D:10     | Noticed a two-headed ogre
 10038 | D:10     | Killed a two-headed ogre
 10117 | D:10     | Noticed Lodul
 10150 | D:10     | Killed from afar by Lodul

Illustrated notes

Levels and vault maps discovered:
D:1:      lightli_arrival_quake, layout_basic, minmay_pentomino_r2
D:2:      minmay_wonky_spiral, layout_rooms, shapermc_ecumenical_altar_ellora
D:3:      layout_basic, serial_rivers, chequers_serial_rivers_room_a,
          chequers_serial_rivers_micro_b, chequers_serial_rivers_marsh,
          chequers_serial_rivers_marsh, chequers_serial_rivers_micro_d,
          chequers_serial_rivers_micro_e, minmay_misc_feat_hallway
D:4:      layout_cave_pods, grunt_temple_overflow_open,
          minmay_temple_entry_butterflies
D:5:      layout_basic, mainiacjoe_overflow_catwalk, nicolae_figureground_pulse
D:6:      layout_basic, minmay_manual_mandibuliform, uniq_blork_the_orc,
          uniq_grinder
D:7:      layout_basic, serial_aquarium, aquarium_bridge_island_small
          [aquarium_subvault_small_open, aquarium_subvault_window,
          aquarium_subvault_wall, aquarium_subvault_window,
          aquarium_subvault_bridge], aquarium_window_3, aquarium_window_corner,
          aquarium_window_1, aquarium_view_2e, aquarium_balcony_5a,
          aquarium_pool_2, nrook_pool_corridor
D:8:      layout_loops_ring, serial_shops, shop, enter_ossuary_4, serial_glass,
          glass_columns_b, glass_columns_a, item_on_display_a,
          item_on_display_a, item_on_display_a, minmay_puff, uniq_erica,
          uniq_maurice
D:9:      layout_stronghold, nicolae_tso_swordbearing_angel,
          nicolae_two_hexagons, chequers_jeans, lightli_minifort, uniq_erolcha
D:10:     layout_small_grid, nicolae_gozag_cash_rules_everything_around_me,
          erik_lair_island, enter_bailey_5, uniq_lodul, uniq_sonja

Skill      XL: |  1  2  3  4  5  6  7  8  9 10 11 |
---------------+----------------------------------+-----
Fighting       | 2 3 4 5 7 8 |  8.0
Shapeshifting  | 4 5 7 8 10 | 10.8
Dodging        | 3 4 5 |  5.0
Unarmed Combat | 4 5 6 |  6.0
Evocations     | 1 3 5 7 |  7.8
Shields        | 1 3 4 |  4.0

Action                     |  1- 3 |  4- 6 |  7- 9 | 10-12 || total
---------------------------+-------+-------+-------+-------++-------
  Melee: Lajatang          |    50 |       |       |       ||    50
         Tentacles         |    10 |    22 |    27 |       ||    59
         Unarmed           |    13 |    77 |   145 |   186 ||   421
         Constrict         |    15 |    21 |    28 |    43 ||   107
         Punch             |     2 |     3 |     6 |       ||    11
   Fire: Sling             |       |       |    10 |       ||    10
  Throw: Boomerang         |       |    10 |     3 |       ||    13
 Invoke: Ancestor Life: He |       |       |     1 |       ||     1
         Recall Ancestor   |       |       |     3 |     1 ||     4
  Evoke: Wand              |       |       |       |     6 ||     6
    Use: Potion            |       |       |     2 |       ||     2
         Scroll            |       |       |       |    15 ||    15
   Stab: Sleeping          |     7 |     9 |     1 |     1 ||    18
         Confused          |       |       |     3 |     3 ||     6
         Distracted        |       |       |     1 |     1 ||     2
 Armour: Skin              |    31 |    25 |    68 |    90 ||   214
  Dodge: Dodged            |    40 |    45 |    97 |   128 ||   310
  Block: Buckler           |       |       |    10 |       ||    10
   Form: Anaconda          |       |       |     1 |       ||     1

Table legend: (Time is in decaauts)
 A = Elapsed time spent in this place.
 B = Non-inter-level travel time spent in this place.
 C = Inter-level travel time spent in this place.
 D = Time resting spent in this place.
 E = Time spent auto-exploring this place.
 F = Levels seen in this place.
 G = Mean time per level.
                   A        B        C        D        E       F      G
               +--------+--------+--------+--------+--------+-----+--------+
         Total |  10135 |   9647 |    488 |   1224 |   6690 |  11 |  921.4 |
       Dungeon |   9919 |   9431 |    488 |   1224 |   6563 |  10 |  991.9 |
       Ossuary |    215 |    215 |      0 |      0 |    127 |   1 |  215.0 |
               +--------+--------+--------+--------+--------+-----+--------+

Top non-repeatable levels by time:
     D:5: 1240 daAuts
     D:6: 1184 daAuts
     D:9: 1158 daAuts
     D:8: 1138 daAuts
     D:3: 1136 daAuts
     D:7: 1129 daAuts
     D:4: 1080 daAuts
     D:1: 858 daAuts
     D:2: 747 daAuts
    D:10: 244 daAuts
 Ossuary: 215 daAuts
